Map: [ESL] Babylon

Players

Geralt (Gerald) - Winner!

  • Race: Protoss Protoss
  • League: Grandmaster
  • Spawn Location: 5:00

trigger

  • Race: Protoss Protoss
  • League: Grandmaster
  • Spawn Location: 11:00

Event: HomeStory Cup XXIII

VOD

Have the link to the VOD?

Description

Time

  • Played on: June 30, 2023, 1:40 p.m.
  • Length: 10:37

All games in this series

Show
View Real Time Build Order
Export as new Build Order

Geralt Protoss - Winner!

Build Orders: Oracle Opening 

Get SALT Encoding   

  12  0:00  Probe  
  13  0:12  Probe  
  14  0:17  Pylon  
  14  0:24  Probe (Chrono Boost)  
  15  0:36  Probe (Chrono Boost)  
  15  0:38  Gateway  
  16  0:44  Probe (Chrono Boost)  
  16  0:46  Assimilator  
  17  0:51  Probe  
  18  1:03  Probe (Chrono Boost)  
  19  1:06  Assimilator  
  19  1:14  Probe (Chrono Boost)  
  20  1:19  Probe (Chrono Boost), Gateway  
  20  1:25  Cybernetics Core  
  21  1:30  Probe  
  22  1:37  Pylon  
  22  1:42  Probe  
  23  1:55  Probe  
  24  2:03  Stalker  
  24  2:05  Warp Gate  
  24  2:06  Stalker  
  24  2:07  Probe  
  29  2:15  Pylon  
  29  2:19  Probe  
  30  2:31  Probe  
  30  2:35  Stargate  
  31  2:41  Adept  
  31  2:43  Probe, Adept  
  35  2:55  Probe  
  35  2:57  Shield Battery  
  36  2:59  Pylon  
  36  3:07  Probe  
  37  3:21  Nexus  
  37  3:30  Oracle (Chrono Boost)  
  38  3:40  Probe  
  38  3:51  Shield Battery  
  38  3:53  Probe  
  39  3:58  Oracle (Chrono Boost)  
  42  4:05  Probe  
  42  4:06  Twilight Council  
  44  4:17  Probe  
  44  4:29  Probe  
  43  4:37  Probe, Stalker x2  
  48  4:41  Probe  
  48  4:43  Blink (Chrono Boost)  
  47  4:48  Gateway  
  47  4:49  Probe  
  48  4:55  Shield Battery  
  48  4:57  Probe  
  49  5:01  Probe  
  50  5:09  Probe  
  50  5:13  Probe  
  52  5:14  Stalker  
  52  5:20  Pylon  
  54  5:21  Probe  
  54  5:22  Stalker  
  54  5:25  Probe  
  58  5:33  Probe  
  58  5:34  Shield Battery  
  59  5:37  Probe  
  60  5:46  Probe, Assimilator, Shield Battery  
  61  5:53  Nexus  
  61  5:54  Pylon  
  61  5:57  Stalker x2  
  61  6:02  Probe  
  66  6:10  Probe  
  67  6:15  Gateway  
  67  6:16  Stalker  
  67  6:18  Probe  
  70  6:20  Pylon  
  70  6:21  Stalker x2  
  74  6:27  Probe  
  75  6:35  Probe  
  75  6:38  Forge  
  76  6:42  Stalker  
  78  6:51  Stalker x2  
  80  7:08  Probe (Chrono Boost)  
  80  7:11  Stalker x2  
  80  7:13  Probe (Chrono Boost)  
  86  7:17  Protoss Ground Weapons Level 1 (Chrono Boost)  
  86  7:19  Stalker x2  
  89  7:23  Shield Battery  
  89  7:25  Probe (Chrono Boost), Gateway  
  89  7:26  Probe x2 (Chrono Boost)  
  89  7:28  Gateway  
  90  7:33  Probe x2 (Chrono Boost)  
  90  7:34  Probe (Chrono Boost)  
  93  7:37  Pylon, Stalker  
  93  7:41  Gateway  
  93  7:43  Probe  
  94  7:44  Probe  
  94  7:45  Gateway  
  94  7:46  Probe  
  94  7:48  Stalker x2  
  100  7:52  Assimilator  
  100  7:56  Robotics Facility  
  100  8:01  Dark Shrine  
  100  8:02  Pylon  
  100  8:08  Stalker  
  100  8:09  Stalker  
  104  8:19  Nexus  
  104  8:21  Adept x2  
  104  8:25  Probe x3  
  111  8:40  Stalker  
  111  8:41  Stalker x3  
  117  8:47  Pylon  
  117  8:49  Pylon  
  117  8:52  Observer  
  114  8:58  Pylon  
  114  8:59  Probe, Pylon  
  114  9:02  Shield Battery  
  115  9:12  Probe  
  115  9:14  Gateway, Dark Templar x2  
  120  9:18  Photon Cannon  
  120  9:19  Probe  
  120  9:20  Probe  
  120  9:22  Gateway  
  122  9:25  Gateway  
  122  9:29  Probe  
  123  9:35  Immortal  
  123  9:38  Probe  
  128  9:56  Stalker x3  
  128  9:57  Stalker x2  
  128  9:59  Assimilator  
  138  10:04  Assimilator  
  138  10:06  Pylon, Dark Templar  
  138  10:22  Dark Templar  
  138  10:23  Zealot x8  
Show
View Real Time Build Order
Export as new Build Order

trigger Protoss 

Build Orders: Phoenix Opening, Blink Stalkers 

Get SALT Encoding   

  12  0:00  Probe  
  13  0:12  Probe  
  14  0:17  Pylon  
  14  0:24  Probe (Chrono Boost)  
  16  0:36  Probe (Chrono Boost)  
  16  0:38  Gateway  
  16  0:42  Probe (Chrono Boost)  
  16  0:46  Assimilator  
  17  0:51  Probe  
  18  1:02  Assimilator  
  18  1:03  Probe (Chrono Boost)  
  19  1:08  Gateway  
  19  1:13  Probe (Chrono Boost)  
  19  1:18  Probe  
  20  1:25  Cybernetics Core  
  21  1:30  Probe  
  22  1:35  Pylon  
  22  1:42  Probe  
  23  1:56  Probe  
  23  2:01  Adept x2, Warp Gate  
  28  2:10  Probe  
  29  2:16  Pylon  
  29  2:22  Probe  
  30  2:23  Shield Battery  
  30  2:33  Stalker x2  
  34  2:59  Nexus  
  34  3:00  Probe  
  34  3:03  Sentry  
  37  3:11  Twilight Council  
  37  3:16  Probe  
  38  3:21  Pylon  
  38  3:28  Probe  
  37  3:36  Phoenix  
  37  3:40  Probe  
  36  3:41  Blink (Chrono Boost)  
  36  3:49  Stalker x2  
  36  3:55  Probe  
  41  4:07  Probe  
  42  4:13  Stalker x2, Shield Battery  
  46  4:18  Probe  
  46  4:20  Probe  
  41  4:33  Probe (Chrono Boost)  
  40  4:42  Probe (Chrono Boost)  
  40  4:45  Probe (Chrono Boost)  
  41  4:51  Probe (Chrono Boost)  
  41  4:52  Probe (Chrono Boost), Adept  
  45  4:53  Adept  
  47  5:01  Probe x2  
  49  5:13  Probe (Chrono Boost)  
  51  5:14  Stalker  
  51  5:15  Probe (Chrono Boost)  
  53  5:24  Pylon  
  53  5:25  Probe (Chrono Boost)  
  55  5:30  Stalker  
  55  5:31  Probe (Chrono Boost)  
  55  5:32  Probe (Chrono Boost)  
  55  5:34  Gateway  
  58  5:37  Phoenix  
  58  5:38  Probe, Stalker  
  61  5:43  Probe  
  60  5:57  Stalker  
  60  5:58  Probe  
  62  6:05  Stalker  
  62  6:08  Nexus  
  62  6:11  Probe, Shield Battery  
  64  6:13  Probe  
  64  6:17  Pylon  
  65  6:24  Stalker  
  67  6:26  Probe  
  67  6:31  Stalker  
  67  6:32  Forge  
  70  6:35  Probe  
  70  6:38  Stalker  
  73  6:40  Probe  
  73  6:43  Pylon  
  74  6:47  Probe  
  74  6:52  Probe  
  76  6:55  Stalker  
  76  7:00  Protoss Ground Weapons Level 1 (Chrono Boost)  
  76  7:01  Probe  
  79  7:04  Probe  
  78  7:09  Stalker x2  
  78  7:12  Assimilator  
  78  7:13  Probe (Chrono Boost)  
  79  7:20  Probe (Chrono Boost)  
  79  7:21  Probe (Chrono Boost)  
  80  7:25  Probe (Chrono Boost)  
  80  7:28  Stalker  
  80  7:29  Probe (Chrono Boost)  
  85  7:32  Probe x2 (Chrono Boost)  
  85  7:33  Stalker  
  89  7:39  Probe (Chrono Boost)  
  89  7:41  Probe (Chrono Boost)  
  91  7:45  Probe (Chrono Boost)  
  91  7:47  Stalker  
  91  7:48  Probe (Chrono Boost)  
  91  7:49  Probe (Chrono Boost), Shield Battery  
  93  7:51  Probe (Chrono Boost), Stalker  
  93  7:55  Probe  
  93  7:57  Stalker  
  99  7:59  Phoenix  
  99  8:01  Probe  
  96  8:10  Probe x2, Stalker  
  98  8:18  Stalker  
  98  8:19  Probe  
  101  8:22  Gateway, Assimilator  
  101  8:28  Gateway  
  101  8:30  Pylon, Gateway  
  101  8:31  Probe x2, Assimilator  
  101  8:32  Pylon  
  101  8:48  Probe x2  
  102  8:49  Stalker  
  102  8:50  Stalker x2  
  102  8:52  Probe  
  107  9:05  Photon Cannon  
  107  9:11  Pylon  
  107  9:12  Pylon, Stalker x2  
  107  9:13  Stalker  
  113  9:20  Stalker  
  113  9:21  Probe x2  
  117  9:27  Pylon  
  117  9:30  Probe, Pylon  
  118  9:32  Assimilator  
  118  9:34  Stalker  
  118  9:35  Photon Cannon  
  120  9:38  Stalker x3  
  120  9:39  Stalker  
  123  9:48  Robotics Facility  
  123  9:52  Stalker  
  116  10:09  Photon Cannon  
  102  10:25  Stalker x3  
  102  10:26  Stalker x3  
Tags
 
Add a new tag
Caveats
  • Supply blocks, unpowered buildings, or Contaminate may cause inaccurate times.
  • Supply counts are checked every 10 seconds.